 Dungeon Crawl Stone Soup version 0.32-a0-872-g59262bdc9b (webtiles) character file.

Game seed: 15898359147007979293

553 newsundrawnshadow the Poker (level 7, -2/63 HPs)
             Began as a Troll Hedge Wizard on Mar 31, 2024.
             Slain by a nameless horror (11 damage)
             ... created by miscasting Summon Blazeheart Golem
             ... on level 5 of the Dungeon.
             The game lasted 00:25:56 (3657 turns).

newsundrawnshadow the Poker (Troll Hedge Wizard)    Turns: 3657, Time: 00:25:57

Health: -2/63      AC:  9    Str: 19    XL:     7   Next: 8%
Magic:  0/10       EV:  9    Int: 12    God:
Gold:   232        SH:  0    Dex: 15    Spells: 1/11 levels left

rFire   . . .        e - +1 spear (elec)
rCold   . . .        (no shield)
rNeg    . . .        b - +1 robe
rPois   .            c - +0 hat
rElec   .            (no cloak)
rCorr   .            (gloves unavailable)
SInv    .            (boots unavailable)
Will    .....        (no amulet)
Stlth   ++           h - +6 ring of dexterity
HPRegen 1.10/turn    o - +4 ring of protection
MPRegen 0.12/turn

%: no passive effects
@: no status effects
A: large, unfitting armour, claws 3, regeneration 1, shaggy fur 1, tough skin 1
a: no special abilities


You were on level 5 of the Dungeon.
You visited 1 branch of the dungeon, and saw 5 of its levels.

You collected 232 gold pieces.

Inventory:

Hand Weapons
 a - a +0 dagger
 e - a +1 spear of electrocution (weapon)
Missiles
 l - 3 poisoned darts
Armour
 b - a +1 robe (worn)
 c - a +0 hat (worn)
Magical Staves
 g - a staff of conjuration
Jewellery
 h - a +6 ring of dexterity (left claw)
 o - a +4 ring of protection (right claw)
Talismans
 m - a blade talisman
Scrolls
 j - 2 scrolls of vulnerability
 p - a scroll of amnesia
 q - a scroll of revelation {unknown}
Potions
 d - a potion of magic
 f - 4 potions of curing
 i - a potion of heal wounds {unknown}
 k - 2 potions of lignification {unknown}
 n - a potion of enlightenment {unknown}


   Skills:
 + Level 1.7 Fighting
 + Level 3.2 Polearms
 + Level 2.7 Dodging
 + Level 1.9 Stealth
 + Level 2.9 Spellcasting
 + Level 0.6 Conjurations
 + Level 1.4 Summonings
 + Level 0.8 Translocations


You had one spell level left.
You knew the following spells:

 Your Spells              Type           Power      Damage    Failure   Level
a - Magic Dart            Conj           12%        1d3       19%         1
b - Call Imp              Summ           10%        N/A       21%         2
c - Call Canine Familiar  Summ           5%         N/A       38%         3
d - Summon Blazeheart Go  Fire/Summ      3%         N/A       88%         4

Your spell library contained the following spells:

 Spells                   Type           Power      Damage    Failure   Level
 Summon Small Mammal      Summ           20%        N/A       14%         1
 Slow                     Hex            4%         N/A       26%         1
 Blink                    Tloc           6%         N/A       26%         2
 Cigotuvi's Dreadful Rot  Necr/Alch/Air  2%         N/A       36%         2
 Mephitic Cloud           Conj/Alch/Air  2%         N/A       56%         3
 Sigil of Binding         Hex            1%         N/A       58%         3
 Leda's Liquefaction      Alch/Erth      0%         N/A       94%         4
 Petrify                  Alch/Erth      1%         N/A       94%         4
 Summon Forest            Summ/Tloc      2%         N/A       99%         5
 Metabolic Englaciation   Hex/Ice        0%         N/A       100%        5
 Death Channel            Necr           0%         N/A       100%        6
 Eringya's Noxious Bog    Alch           0%         4d6       100%        6
 Sculpt Simulacrum        Ice/Alch       0%         N/A       100%        6
 Ozocubu's Refrigeration  Ice            0%         4d7       100%        7
 Summon Hydra             Summ           2%         N/A       100%        7
 Polar Vortex             Ice            0%         N/A       100%        9


Dungeon Overview and Level Annotations

Branches:
Dungeon (5/15)
 Temple: D:4-7

Altars:
Cheibriados
Gozag
Qazlal

Shops:
D:4 [(


Innate Abilities, Weirdness & Mutations

You are too large for most types of armour.
You have claws for hands.
Your natural rate of healing is unusually fast.
You are covered in fur. (AC +1)
You have tough skin. (AC +1)


Message History

The nameless horror hits you!
You hit the nameless horror but do no damage.
The nameless horror is heavily damaged.
The nameless horror hits you but does no damage.
You hit the nameless horror but do no damage.
The nameless horror is heavily damaged.
The nameless horror hits you but does no damage.
You hit the nameless horror.
The nameless horror is severely damaged.
The nameless horror hits you!
You feel your power leaking away.
You hit the nameless horror but do no damage.
The nameless horror is severely damaged.
The nameless horror hits you.
You hit the nameless horror.
The nameless horror is severely damaged.
The nameless horror barely misses you.
You barely miss the nameless horror.
The nameless horror is severely damaged.
The nameless horror barely misses you.
You hit the nameless horror but do no damage.
The nameless horror is severely damaged.
The nameless horror hits you!
Your magical contamination has completely faded away.
You hit the nameless horror.
The nameless horror is severely damaged.
The nameless horror hits you.
You hit the nameless horror but do no damage.
The nameless horror is severely damaged.
The nameless horror barely misses you.
You hit the nameless horror.
The nameless horror is severely damaged.
The nameless horror hits you!
* * * LOW HITPOINT WARNING * * *
The nameless horror hits you!
* * * LOW HITPOINT WARNING * * *
You feel your power leaking away.
The nameless horror attacks as it pursues you!
The nameless horror hits you!
You die...

.#.# ###.##.........#
...##### ...............#
......... ...#.##...†.....#
#############.##............#
#.......#.#####.........#
#.#####.#.#####......####
#.#####.#.##....###### ###
#.##....#.##.X..#
..###.##<####.#.@...###
....#.##.##.#...........
....#.##......##.........
....#.###.....##.........
......#<....#.##.........
....####.####.##.........
#.#...... .#.####.#.....
#.####.### .#.# ......
#.####...# .#.. ##...


You could see a nameless horror.

Vanquished Creatures
  A water moccasin (D:5)
  A phantom (D:4)
  A bombardier beetle (D:3)
  2 hounds
  A jelly (D:5)
  4 iguanas
  3 adders
  A river rat (D:3)
  A shadow imp (D:4)
  A dart slug (D:3)
  4 ribbon worms
  9 orcs
  3 ball pythons
  6 endoplasms
  3 giant cockroaches
  5 goblins
  3 hobgoblins
  3 quokkas
  7 bats
  A frilled lizard (D:1)
  7 kobolds
  4 rats
71 creatures vanquished.

Vanquished Creatures (collateral kills)
  A ribbon worm (D:2)
  An orc (D:3)
  A hobgoblin (D:1)
3 creatures vanquished.

Vanquished Creatures (others)
  An orc wizard (D:3)
1 creature vanquished.

Grand Total: 75 creatures vanquished

Notes
Turn   | Place    | Note
-------+----------+-------------------------------------------
     0 | D:1      | newsundrawnshadow the Troll Hedge Wizard began the quest
                  | for the Orb.
     0 | D:1      | Reached XP level 1. HP: 16/16 MP: 2/2
   170 | D:1      | Reached XP level 2. HP: 18/24 MP: 4/4
   229 | D:1      | Learned a level 2 spell: Call Imp
   868 | D:2      | Reached XP level 3. HP: 29/31 MP: 5/5
  1397 | D:3      | Found a snail-covered altar of Cheibriados.
  1431 | D:3      | Learned a level 3 spell: Call Canine Familiar
  1763 | D:3      | Reached XP level 4. HP: 39/39 MP: 6/6
  2141 | D:3      | Reached skill level 1 in Polearms
  2141 | D:3      | Reached skill level 1 in Summonings
  2227 | D:3      | Reached XP level 5. HP: 46/46 MP: 6/8
  2428 | D:4      | Noticed a phantom
  2440 | D:4      | Killed a phantom
  2441 | D:4      | Reached skill level 1 in Fighting
  2441 | D:4      | Reached skill level 2 in Polearms
  2469 | D:4      | Found an opulent altar of Gozag.
  2521 | D:4      | Reached XP level 6. HP: 41/55 MP: 9/9
  2570 | D:4      | Learned a level 3 spell: Call Canine Familiar
  2583 | D:4      | Found Befush's Antique Armour Shoppe.
  2690 | D:4      | Found Xufruc's Antique Weapon Shop.
  3238 | D:5      | Entered Level 5 of the Dungeon
  3441 | D:5      | Found a stormy altar of Qazlal.
  3611 | D:5      | Noticed a water moccasin
  3622 | D:5      | Killed a water moccasin
  3623 | D:5      | Reached skill level 3 in Polearms
  3623 | D:5      | Reached XP level 7. HP: 63/63 MP: 8/10
  3633 | D:5      | Learned a level 4 spell: Summon Blazeheart Golem
  3633 | D:5      | Noticed a nameless horror
  3650 | D:5      | HP: 2/63 [nameless horror[miscasting Summon Blazeheart
                  | Golem] (9)]
  3657 | D:5      | Slain by a nameless horror

Illustrated notes

Levels and vault maps discovered:
D:1:      dpeg_arrival_windows_large_door, layout_rooms, serial_corexii_hall,
          chequers_hall_statues_wall_a, chequers_hall_statues_y
D:2:      minmay_angry_zag, layout_loops_corners, kennysheep_nub,
          nrook_mini_backslash
D:3:      layout_basic, kennysheep_slug_shrine, gup_sewer_entry_bowl,
          minmay_misc_feat_chi
D:4:      layout_loops_ring, nicolae_gozag_seed_capital, serial_shops, shop,
          nicolae_shop_crystal, minmay_misc_feat_square
D:5:      layout_basic, nicolae_qazlal_scattered_showers, serial_shops,
          nicolae_square_shop

Skill      XL: |  1  2  3  4  5  6 |
---------------+-------------------+-----
Dodging        | 2 |  2.7
Polearms       | 1 2 3 |  3.2
Summonings     | 1 |  1.4
Fighting       | 1 |  1.7
Stealth        | |  1.9
Spellcasting   | |  2.9
Conjurations   | |  0.6
Translocations | |  0.8

Action                     |  1- 3 |  4- 6 |  7- 9 || total
---------------------------+-------+-------+-------++-------
  Melee: Spear             |   121 |   127 |    15 ||   263
         Staff             |     5 |       |       ||     5
   Cast: Magic Dart        |     6 |     2 |       ||     8
         Call Imp          |    10 |       |       ||    10
         Call Canine Famil |       |     3 |       ||     3
    Use: Scroll            |     6 |     3 |       ||     9
   Stab: Sleeping          |     6 |     1 |       ||     7
 Armour: Robe              |    94 |    70 |    13 ||   177
  Dodge: Dodged            |    64 |    56 |     4 ||   124

Table legend: (Time is in decaauts)
 A = Elapsed time spent in this place.
 B = Non-inter-level travel time spent in this place.
 C = Inter-level travel time spent in this place.
 D = Time resting spent in this place.
 E = Time spent auto-exploring this place.
 F = Levels seen in this place.
 G = Mean time per level.
                   A        B        C        D        E       F      G
               +--------+--------+--------+--------+--------+-----+--------+
         Total |   3665 |    747 |   2918 |      0 |      0 |   5 |  733.0 |
       Dungeon |   3665 |    747 |   2918 |      0 |      0 |   5 |  733.0 |
               +--------+--------+--------+--------+--------+-----+--------+

Top non-repeatable levels by time:
     D:3: 1106 daAuts
     D:4: 868 daAuts
     D:2: 722 daAuts
     D:1: 552 daAuts
     D:5: 416 daAuts
